 Dungeon Crawl Stone Soup version 0.29-a0-91-gdebf4667c2 (webtiles) character file.

Game seed: 10222374959559235302

95 InsaneWolf the Vandal (level 4, 0/38 HPs)
             Began as a Hill Orc Hunter on Feb 8, 2022.
             Was a Follower of Nemelex Xobeh.
             Shot with a stone by a goblin (5 damage)
             ... led by Robin
             ... on level 1 of the Dungeon.
             The game lasted 00:12:37 (1312 turns).

InsaneWolf the Vandal (Hill Orc Hunter)             Turns: 1312, Time: 00:12:38

Health: 0/38       AC:  3    Str: 14    XL:     4   Next: 65%
Magic:  4/4        EV: 12    Int: 11    God:    Nemelex Xobeh [*.....]
Gold:   38         SH:  0    Dex: 13    Spells: 3/3 levels left

rFire   . . .      SeeInvis .   a - +1 hunting sling
rCold   . . .      Faith    .   (no shield)
rNeg    . . .      Spirit   .   c - +0 leather armour
rPois   .          Reflect  .   (no helmet)
rElec   .          Harm     .   (no cloak)
rCorr   .          Rampage  .   (no gloves)
Will    .....                   (no boots)
Stlth   +.........              (no amulet)
HPRegen 0.12/turn               (no ring)
MPRegen 0.09/turn               (no ring)

@: no status effects
A: no striking features
a: Renounce Religion, Draw Escape, Draw Destruction, Draw Summoning


You were on level 1 of the Dungeon.
You worshipped Nemelex Xobeh.
Nemelex Xobeh was aware of your devotion.
You visited 1 branch of the dungeon, and saw 2 of its levels.

You collected 38 gold pieces.

Inventory:

Hand Weapons
 a - a +1 hunting sling (weapon)
 b - a +0 short sword
 e - a +0 club
 f - a +0 club
Missiles
 d - 28 sling bullets (quivered ammo)
 g - 27 stones
Armour
 c - a +0 leather armour (worn)
Jewellery
 i - a +4 ring of protection
 l - a ring of protection from fire
Scrolls
 h - a scroll of amnesia {unknown}
 m - a scroll of identify {unknown}
Potions
 j - a potion of haste {unknown}
 k - a potion of heal wounds {unknown}


   Skills:
 + Level 3.1 Fighting
 + Level 4.5 Slings
 + Level 1.1 Armour
 * Level 2.0 Dodging
 * Level 1.3 Stealth


You had 3 spell levels left.
You didn't know any spells.
Your spell library contained the following spells:

 Spells                   Type           Power      Damage    Failure   Level
 Animate Skeleton         Necr           0%         N/A       41%         1
 Pain                     Necr           0%         1d4       41%         1
 Vampiric Draining        Necr           0%         2d6       78%         3


Dungeon Overview and Level Annotations

Branches:
Dungeon (2/15)

Altars:
Nemelex Xobeh

Annotations:
D:2 Robin


Message History

The goblin unwields a +0 hunting sling.
The goblin wields a +0 club.
The goblin hits you with a +0 club. A mysterious force pulls you upwards.
The hatch slams shut behind you.
You are too injured to fight recklessly!
You are too injured to fight recklessly!
You are too injured to fight recklessly!
The goblin no longer looks unusually strong.
The goblin unwields a +0 club.
The goblin wields a +0 hunting sling.
The goblin shoots a stone.
The stone hits you.
* * * LOW HITPOINT WARNING * * *
You are too injured to fight recklessly!
You are too injured to fight recklessly!
You are too injured to fight recklessly!
You are too injured to fight recklessly!
You are too injured to fight recklessly!
You are too injured to fight recklessly!
You are too injured to fight recklessly!
The goblin shoots a stone.
The stone closely misses you.
The goblin shoots a stone.
The stone misses you.
The goblin shoots a stone.
The stone misses you.
The goblin shoots a stone.
The stone barely misses you.
The goblin shoots a stone.
The stone closely misses you.
The goblin shoots a stone.
The stone barely misses you.
The goblin shoots a stone.
The stone hits you.
* * * LOW HITPOINT WARNING * * *
The goblin shoots a stone.
The stone hits you.
* * * LOW HITPOINT WARNING * * *
The goblin shoots a stone.
The stone closely misses you.
There is a stone staircase leading down here.
You draw a card...
You have drawn the Elixir.
You begin rapidly regenerating health and magic.
The goblin shoots a stone.
The stone closely misses you.
The goblin shoots a stone.
The stone hits you.
* * * LOW HITPOINT WARNING * * *
The goblin shoots a stone.
The stone misses you.
The goblin shoots a stone.
The stone hits you.
* * * LOW HITPOINT WARNING * * *
The goblin shoots a stone.
The stone hits you.
You die...
Your body disappears without a glow.

### #..........# ..#
#..........# ..#
#..........# ###### ..#
#.....g....# #....# ..#
#####..##### #....#
..######..## ##....#
..##.....## ##.....#
.....###.#########......#
..#.....>g......@..###.##
..........####..#### #c#
..)........###..# #.#
#............#..# #.#
#..........#....# #.#
................# ##.###
...........###.>#####....#
.##..###...........##....#
######..........##..#..).#


You could see a goblin.

Vanquished Creatures
  A water moccasin skeleton (D:2)
  An adder (D:2)
  A worm (D:2)
  A dart slug (D:1)
  3 endoplasms (D:1)
  A giant cockroach (D:1)
  5 goblins (D:1)
  2 hobgoblins
  A kobold (D:1)
  4 ball pythons
  5 bats (D:1)
  2 frilled lizards (D:1)
  5 rats (D:1)
32 creatures vanquished.

Vanquished Creatures (collateral kills)
  A bat (D:1)
1 creature vanquished.

Vanquished Creatures (others)
  A plant (D:1)
1 creature vanquished.

Grand Total: 34 creatures vanquished

Notes
Turn   | Place    | Note
-------+----------+-------------------------------------------
     0 | D:1      | InsaneWolf the Hill Orc Hunter began the quest for the Orb.
     0 | D:1      | Reached XP level 1. HP: 18/18 MP: 1/1
   228 | D:1      | Reached XP level 2. HP: 13/25 MP: 2/2
   247 | D:1      | Reached skill level 4 in Slings
   494 | D:1      | Found a faded altar of an unknown god.
   506 | D:1      | Prayed at the altar of an unknown god.
   506 | D:1      | Became a worshipper of Nemelex Xobeh the Trickster
   506 | D:1      | Reached * piety under Nemelex Xobeh
   554 | D:1      | Reached XP level 3. HP: 30/30 MP: 3/3
   557 | D:1      | Received a gift from Nemelex Xobeh
   916 | D:2      | Found the +6 shillelagh "Devastator" {shatter}
  1131 | D:2      | Reached skill level 1 in Armour
  1131 | D:2      | Reached skill level 1 in Stealth
  1131 | D:2      | Reached XP level 4. HP: 29/38 MP: 4/4
  1271 | D:2      | Noticed Robin
  1312 | D:1      | Shot with a stone by a goblin

Illustrated notes

Levels and vault maps discovered:
D:1:      dpeg_arrival_subterranean_lakeside_camping, layout_rooms,
          shapermc_ecumenical_altar_mp_urbaneastern
D:2:      layout_basic, uniq_robin

Skill      XL: |  1  2  3 |
---------------+----------+-----
Slings         | 4 |  4.5
Fighting       | 3 |  3.1
Armour         | 1 |  1.1
Dodging        | 2 |  2.0
Stealth        | 1 |  1.3

Action                   |  1- 3 |  4- 6 || total
-------------------------+-------+-------++-------
Melee: Hunting sling     |    22 |       ||    22
       Short sword       |    11 |       ||    11
 Fire: Hunting sling     |    83 |    24 ||   107
Invok: Draw Summoning    |     1 |       ||     1
       Draw Escape       |       |     1 ||     1
Armor: Leather armour    |    36 |     3 ||    39
Dodge: Dodged            |    73 |    24 ||    97

Table legend: (Time is in decaauts)
 A = Elapsed time spent in this place.
 B = Non-inter-level travel time spent in this place.
 C = Inter-level travel time spent in this place.
 D = Time resting spent in this place.
 E = Time spent auto-exploring this place.
 F = Levels seen in this place.
 G = Mean time per level.
                   A        B        C        D        E       F      G
               +--------+--------+--------+--------+--------+-----+--------+
         Total |   1333 |   1328 |      5 |      0 |    487 |   2 |  666.5 |
       Dungeon |   1333 |   1328 |      5 |      0 |    487 |   2 |  666.5 |
               +--------+--------+--------+--------+--------+-----+--------+

Top non-repeatable levels by time:
     D:1: 940 daAuts
     D:2: 393 daAuts
